 Dungeon Crawl Stone Soup version 0.28.0 (webtiles) character file.

Game seed: 1627253306413633513

718 Kikato the Conjurer (level 7, 0/52 HPs)
             Began as a Demigod Conjurer on Feb 7, 2022.
             Succumbed to a water moccasin's poison
             ... on level 5 of the Dungeon.
             The game lasted 00:22:38 (5267 turns).

Kikato the Conjurer (Demigod Conjurer)              Turns: 5267, Time: 00:22:38

Health: 0/52       AC:  3    Str:  8    XL:     7   Next: 18%
Magic:  11/16      EV: 27    Int: 28    God:
Gold:   271        SH:  0    Dex: 12    Spells: 12/13 levels left

rFire   . . .      SeeInvis .   f - +1 short sword (venom)
rCold   . . .      Faith    .   (no shield)
rNeg    . . .      Spirit   .   a - +0 robe
rPois   .          Reflect  .   (no helmet)
rElec   .          Harm     .   o - scarf {repulsion}
rCorr   .          Rampage  .   (no gloves)
Will    .....                   j - +0 pair of boots
Stlth   ++........              b - amulet of the acrobat
HPRegen 0.17/turn               d - +4 ring of slaying
MPRegen 0.15/turn               (no ring)

@: lethally poisoned (0 -> -7), acrobatic, repel missiles
A: high MP 1, forlorn, divine attributes
a: no special abilities


You were on level 5 of the Dungeon.
You visited 1 branch of the dungeon, and saw 5 of its levels.

You collected 271 gold pieces.

Inventory:

Hand Weapons
 f - a +1 short sword of venom (weapon)
Missiles
 g - 8 poisoned darts
 m - 24 arrows
 s - 2 boomerangs
Armour
 a - a +0 robe (worn)
 h - an orb of wrath
 j - a +0 pair of boots (worn)
 o - a scarf of repulsion (worn)
Jewellery
 b - an amulet of the acrobat (around neck)
 d - a +4 ring of slaying (left hand)
 q - a ring of willpower
Scrolls
 c - a scroll of blinking {unknown}
 i - a scroll of fear {unknown}
 k - a scroll of amnesia {unknown}
 n - 8 scrolls of identify {unknown}
 u - a scroll of enchant weapon {unknown}
Potions
 e - a potion of ambrosia {unknown}
 l - a potion of lignification {unknown}
 p - 2 potions of degeneration {unknown}
 r - a potion of flight {unknown}
 t - a potion of curing {unknown}


   Skills:
 + Level 1.5 Fighting
 + Level 3.0 Short Blades
 + Level 2.4 Dodging
 + Level 3.3 Stealth
 + Level 3.8 Spellcasting
 + Level 5.4 Conjurations


You had 12 spell levels left.
You knew the following spells:

 Your Spells              Type           Power      Damage    Failure   Level
a - Magic Dart            Conj           100%       1d8       1%          1

Your spell library contained the following spells:

 Spells                   Type           Power      Damage    Failure   Level
 Searing Ray              Conj           72%        2d7       1%          2
 Dazzling Flash           Conj/Hex       40%        N/A       8%          3
 Gell's Gravitas          Tloc           5%         N/A       22%         3
 Teleport Other           Tloc           5%         N/A       22%         3
 Fulminant Prism          Conj/Hex       10%        3d9       24%         4
 Iskenderun's Mystic Bla  Conj/Tloc      20%        2d6       24%         4
 Dispersal                Tloc           2%         N/A       100%        6


Dungeon Overview and Level Annotations

Branches:
Dungeon (5/15)
 Temple: D:4-7

Shops:
D:3 [


Innate Abilities, Weirdness & Mutations

You have an increased reservoir of magic. (+10% MP)
You shall have no god before yourself.
Your divine heritage dramatically boosts your attributes as you level up.


Message History

Aim: a gnoll, wielding a +0 whip and quivering a throwing net (100% to hit)
The magic dart hits the gnoll.
The gnoll is moderately wounded.
The gnoll throws a throwing net.
The throwing net barely misses you.
Aiming: Magic Dart (safe; 1% risk of failure)
Press: ? - help, Q - select action, (/) - cycle Shift-Dir - straight line, f/p - gnoll
Aim: a gnoll, wielding a +0 whip (moderately wounded, 100% to hit)
The magic dart hits the gnoll.
The gnoll is severely wounded.
You hit the gnoll.
The gnoll is poisoned.
The gnoll is almost dead.
The gnoll hits you with a +0 whip.
You hit the gnoll.
You kill the gnoll!
The water moccasin closely misses you.
You hit the water moccasin.
The water moccasin is lightly wounded.
The water moccasin bites you.
You are poisoned.
The water moccasin poisons you!
You closely miss the water moccasin.
The water moccasin is lightly wounded.
You feel very sick. The water moccasin bites you!
You are lethally poisoned!
The water moccasin poisons you!
A gnoll shaman comes into view. It is wielding a +0 club.
* * * LOW HITPOINT WARNING * * *
You feel very sick. The water moccasin misses you.
The water moccasin closely misses you.
Found a stone staircase leading down.
* * * LOW HITPOINT WARNING * * *
You feel very sick.
* * * LOW HITPOINT WARNING * * *
You feel very sick.
* * * LOW HITPOINT WARNING * * *
You feel sick. The water moccasin closely misses you.
* * * LOW HITPOINT WARNING * * *
You feel very sick.
You die...

#.......# #.......#
#.......# #.......#
#.......# ##.......#
.........#
######.#.############
.........(..gS.@..>#
#####.###)##########
#.# #.# #.# #.# ..#
... ### ... #....
#..g.


You could see a water moccasin and a gnoll.

Vanquished Creatures
  2 water moccasins
  A sky beast (D:5)
  A necrophage (D:4)
  A scorpion (D:4)
  A bullfrog skeleton (D:3)
  A hound (D:4)
  3 iguanas
  A hound skeleton (D:4)
  4 gnolls
  2 adders (D:3)
  2 worms
  A dart slug (D:4)
  2 orcs (D:5)
  5 ball pythons
  5 bats
  8 endoplasms
  3 giant cockroaches
  4 goblins
  7 hobgoblins
  4 jackals (D:3)
  2 quokkas
  2 frilled lizards
  5 kobolds
  2 rats
69 creatures vanquished.

Vanquished Creatures (others)
  16 plants (D:2)
16 creatures vanquished.

Grand Total: 85 creatures vanquished

Notes
Turn   | Place    | Note
-------+----------+-------------------------------------------
     0 | D:1      | Kikato the Demigod Conjurer began the quest for the Orb.
     0 | D:1      | Reached XP level 1. HP: 14/14 MP: 5/5
   458 | D:1      | Reached XP level 2. HP: 20/20 MP: 7/7
   484 | D:1      | Reached skill level 4 in Conjurations
  1140 | D:2      | Reached XP level 3. HP: 8/26 MP: 4/8
  2094 | D:3      | Reached skill level 1 in Short Blades
  2094 | D:3      | Reached XP level 4. HP: 22/33 MP: 5/10
  2342 | D:3      | Found Loch's Antique Armour Shop.
  2838 | D:3      | Identified the +5 ring mail "Xuppylon" {+Inv rC+ Int-5}
  3687 | D:4      | Reached XP level 5. HP: 39/39 MP: 8/11
  4034 | D:4      | Noticed a necrophage
  4091 | D:4      | Killed a necrophage
  4092 | D:4      | Reached skill level 1 in Fighting
  4219 | D:4      | Reached skill level 5 in Conjurations
  4219 | D:4      | Reached XP level 6. HP: 36/47 MP: 10/13
  4382 | D:4      | Noticed a water moccasin
  4389 | D:4      | Killed a water moccasin
  4925 | D:5      | Entered Level 5 of the Dungeon
  4925 | D:5      | Noticed a water moccasin
  4932 | D:5      | Killed a water moccasin
  5011 | D:5      | Reached XP level 7. HP: 13/52 MP: 4/15
  5266 | D:5      | HP: 1/52 [poisoned by a water moccasin]
  5267 | D:5      | Succumbed to a water moccasin's poison

Illustrated notes

Levels and vault maps discovered:
D:1:      dpeg_arrival_more_subterranean_lakeside_camping, layout_loops_ring,
          hellmonk_ecumenical_altar_zigzags
D:2:      layout_basic, nicolae_grassy_gnolls
D:3:      layout_basic, serial_shops, shop
D:4:      layout_layer_cave, kennysheep_slug_shrine, grunt_qazlal_clouds,
          nicolae_tso_swordbearing_angel, chequers_serial_rivers_large_b
D:5:      layout_basic

Skill      XL: |  1  2  3  4  5  6  7 |
---------------+----------------------+-----
Spellcasting   | 2 3 |  3.8
Conjurations   | 4 5 |  5.4
Stealth        | 2 3 |  3.3
Short Blades   | 1 2 3 |  3.0
Dodging        | 2 |  2.4
Fighting       | 1 |  1.5

Action                   |  1- 3 |  4- 6 |  7- 9 || total
-------------------------+-------+-------+-------++-------
Melee: Short sword       |    51 |    20 |     9 ||    80
       Punch             |     2 |       |       ||     2
 Cast: Magic Dart        |    39 |   105 |     7 ||   151
 Stab: Sleeping          |     3 |     1 |       ||     4
Armor: Robe              |     5 |    11 |     1 ||    17
Dodge: Dodged            |    32 |    28 |     5 ||    65
